[Event "Titled Tuesday Blitz February 14 Early 2023"]
[White "Ibarra Jerez, Jose Carlos"]
[Black "Erdogdu, Mert"]
[WhiteFideId "2226332"]
[BlackFideId "6301495"]
[WhiteElo "2563"]
[BlackElo "2413"]
[Result "1-0"]
[Round "09"]
[TimeControl "180+2"]
[Date "2023.02.14"]
[WhiteClock "0:01:07"]
[BlackClock "0:00:36"]

1. e4 c5 2. Nf3 d6 3. c3 Nf6 4. Bd3 Nc6 5. h3 d5 6. e5 Nd7 7. Bb5 e6 8. Bxc6 bxc6 9. d3 Qc7 10. Qe2 a5 11. c4 a4 12. O-O Be7 13. Nc3 a3 14. b3 O-O 15. Na4 f6 16. exf6 Bxf6 17. Rb1 Ne5 18. Nxe5 Bxe5 19. Bxa3 Rxa4 20. bxa4 Bd6 21. Qc2 d4 22. Qb3 e5 23. Qb6 Qe7 24. Qxc6 Bd7 25. Qb7 Qe6 26. Rb6 Rb8 27. Qxb8+ Bxb8 28. Rxe6 Bxe6 29. Bxc5 1-0


[Site "https://www.chess.com"]

[Event "Titled Tuesday Blitz February 14 Early 2023"]
[White "Korchmar, Vasiliy"]
[Black "Boros, Denes"]
[WhiteFideId "24131750"]
[BlackFideId "722340"]
[WhiteElo "2438"]
[BlackElo "2406"]
[Result "1-0"]
[Round "09"]
[TimeControl "180+2"]
[Date "2023.02.14"]
[WhiteClock "0:00:03"]
[BlackClock "0:00:08"]

1. e4 g6 2. d4 d6 3. Nc3 c6 4. f4 d5 5. e5 h5 6. Nf3 Nh6 7. Be3 a5 8. Qd2 a4 9. a3 Qb6 10. O-O-O Bg4 11. Be2 e6 12. h3 Bxf3 13. Bxf3 h4 14. Bg4 Nd7 15. Qd3 Nf5 16. Bxf5 gxf5 17. Rhg1 Qa5 18. g4 hxg3 19. Rxg3 Nb6 20. Kb1 Nc4 21. Bc1 b5 22. Na2 b4 23. Nxb4 Bxb4 24. axb4 Qxb4 25. Rdg1 Ke7 26. Qc3 Qb5 27. Rg7 Rab8 28. Ka2 Qb4 29. Qg3 Rhf8 30. Qg5+ Ke8 31. Rg8 Kd7 32. Qf6 a3 33. R1g7 Qe7 34. Rxf8 Rxf8 35. Qxe7+ Kxe7 36. b3 Rh8 37. bxc4 Rxh3 38. Bxa3+ Ke8 39. cxd5 cxd5 40. Rg8+ Kd7 41. Rf8 Rf3 42. Rxf7+ Kc6 43. Re7 Rxf4 44. Rxe6+ Kb5 45. Bc5 Kc4 46. Kb2 Rf2 47. Rf6 f4 48. e6 Re2 49. e7 Re4 50. Rxf4 Re6 51. Rf8 Re2 52. Ra8 Re6 53. Kc1 Kc3 54. Kd1 Kc4 55. e8=Q Re1+ 56. Qxe1 Kb5 57. Qg3 Kc6 58. Qh4 Kb5 59. Qh3 Kc4 60. Ke2 1-0


[Site "https://www.chess.com"]

[Event "Titled Tuesday Blitz February 14 Early 2023"]
[White "Piesik, Piotr"]
[Black "Remizov, Yaroslav"]
[WhiteFideId "1136194"]
[BlackFideId "34134015"]
[WhiteElo "2426"]
[BlackElo "2421"]
[Result "0-1"]
[Round "09"]
[TimeControl "180+2"]
[Date "2023.02.14"]
[WhiteClock "0:00:01"]
[BlackClock "0:00:04"]

1. Nf3 d5 2. g3 Nf6 3. Bg2 Bg4 4. O-O Nbd7 5. d3 e5 6. Nbd2 Be7 7. e4 dxe4 8. dxe4 O-O 9. h3 Bxf3 10. Qxf3 c6 11. a4 Qc7 12. Nc4 Rfd8 13. Bg5 h6 14. Be3 b5 15. Nd2 Bc5 16. Nb3 Bxe3 17. Qxe3 Nb6 18. a5 Nc4 19. Qc3 Rd6 20. Rfd1 Rad8 21. Rd3 Nd7 22. Rad1 Nf8 23. Bf1 Ng6 24. Rxd6 Rxd6 25. Rxd6 Nxd6 26. Bd3 a6 27. Nc5 Qa7 28. b4 Nb7 29. Nd7 Nd8 30. Nxe5 Nxe5 31. Qxe5 Ne6 32. c3 Qd7 33. Be2 Qd2 34. Bg4 Nf8 35. Qd4 Qe1+ 36. Kg2 Ne6 37. Bxe6 fxe6 38. Qe5 Kh7 39. h4 Qd2 40. Qxe6 Qxc3 41. Qd6 Qc4 42. Qe7 Qd3 43. h5 Qc4 44. Kg1 Qc1+ 45. Kh2 Qc2 46. Kg1 Qc1+ 47. Kg2 Qc4 48. g4 Qe2 49. Qe6 c5 50. Qf5+ Kh8 51. bxc5 Qc2 52. g5 hxg5 53. Kg3 b4 54. Qf8+ Kh7 55. Qf5+ Kh8 56. Qf8+ Kh7 57. Qe7 b3 58. c6 Qxc6 59. Qxg5 b2 60. Qf5+ Kg8 0-1


[Site "https://www.chess.com"]

[Event "Titled Tuesday Blitz February 14 Early 2023"]
[White "Mendonca, Leon Luke"]
[Black "Robledo, Cristian"]
[WhiteFideId "35028561"]
[BlackFideId "133450"]
[WhiteElo "2603"]
[BlackElo "2270"]
[Result "1-0"]
[Round "09"]
[TimeControl "180+2"]
[Date "2023.02.14"]
[WhiteClock "0:00:50"]
[BlackClock "0:00:01"]

1. Nf3 Nf6 2. c4 e6 3. b3 d5 4. Bb2 c6 5. e3 Nbd7 6. Nc3 Be7 7. d4 O-O 8. Bd3 b6 9. O-O Bb7 10. Qe2 c5 11. cxd5 exd5 12. Rfd1 Re8 13. Rac1 Bf8 14. Ba6 Qc8 15. Bb5 a6 16. Bxd7 Qxd7 17. Na4 Qb5 18. Qc2 Rac8 19. dxc5 bxc5 20. Bxf6 gxf6 21. Qf5 Bg7 22. Nc3 Qa5 23. Nxd5 Bxd5 24. Qxd5 Qxa2 25. Ra1 Qc2 26. Rxa6 Rcd8 27. Qxd8 Rxd8 28. Rxd8+ Bf8 29. g3 Kg7 30. Rb6 Qb1+ 31. Kg2 Qe4 32. Rd7 Be7 33. Rbb7 Bf8 34. Rxf7+ 1-0


[Site "https://www.chess.com"]

[Event "Titled Tuesday Blitz February 14 Early 2023"]
[White "Seo, Jung Min"]
[Black "Skuhala, Barbara"]
[WhiteFideId "1734687"]
[BlackFideId "14605465"]
[WhiteElo "2494"]
[BlackElo "2153"]
[Result "1-0"]
[Round "09"]
[TimeControl "180+2"]
[Date "2023.02.14"]
[WhiteClock "0:01:17"]
[BlackClock "0:01:09"]

1. e4 c5 2. Nf3 d6 3. d4 cxd4 4. Nxd4 Nf6 5. Nc3 a6 6. Be3 e5 7. Nb3 Be7 8. f3 Be6 9. Qd2 Nbd7 10. O-O-O h5 11. Bd3 Rc8 12. h3 b5 13. f4 Qc7 14. Kb1 Nb6 15. Rhf1 Nc4 16. Bxc4 bxc4 17. Nc1 Rb8 18. f5 Bd7 19. Bg5 Qb7 20. b3 cxb3 21. axb3 Bc6 22. Bxf6 gxf6 23. Nd5 Bxd5 24. Qxd5 Qa7 25. Qa5 Rb5 26. Qa4 Kf8 27. Ne2 Kg7 28. Nc3 Rb7 29. Nd5 Qc5 30. Rd3 h4 31. g3 Rc8 32. Rc1 Kh7 33. Rc3 Qxc3 34. Nxc3 Rxc3 35. Qxa6 Rcc7 36. gxh4 Bf8 37. Qe2 Bh6 38. Rg1 Rc8 39. Kb2 Ra7 40. Ra1 Rac7 41. Qd3 Rc6 42. c3 R8c7 43. b4 Bf4 44. Kb3 Bh6 45. Ra6 Bf8 46. Rxc6 Rxc6 47. Qd5 Rc7 48. b5 Kg7 49. b6 1-0


[Site "https://www.chess.com"]

[Event "Titled Tuesday Blitz February 14 Early 2023"]
[White "Narayanan.S.L"]
[Black "Pinheiro, Iung Alicio de O."]
[WhiteFideId "5058422"]
[BlackFideId "2104350"]
[WhiteElo "2660"]
[BlackElo "2306"]
[Result "1-0"]
[Round "09"]
[TimeControl "180+2"]
[Date "2023.02.14"]
[WhiteClock "0:01:15"]
[BlackClock "0:00:06"]

1. a3 d5 2. b4 Bf5 3. Bb2 Nf6 4. Nf3 e6 5. e3 h6 6. Bd3 Nbd7 7. Bxf5 exf5 8. O-O Bd6 9. d3 O-O 10. c4 c6 11. Nbd2 Re8 12. cxd5 Nxd5 13. Nc4 Be7 14. Re1 Bf6 15. Qb3 Bxb2 16. Qxb2 N7f6 17. a4 Qe7 18. b5 c5 19. d4 Rac8 20. dxc5 Rxc5 21. Ncd2 Rec8 22. h3 Ne4 23. Nxe4 fxe4 24. Nd4 Qf6 25. Qe2 Nb4 26. Rf1 Nc2 27. Rad1 g6 28. Nxc2 Rxc2 29. Qg4 R2c4 30. Rd4 Kg7 31. Qxe4 Rxd4 32. exd4 Rc4 33. Qxb7 Rxa4 34. d5 Qd4 35. Qd7 Ra2 36. d6 Rd2 37. Qc7 h5 38. h4 Rd3 39. Qa5 Rd2 40. Qa1 Qxa1 41. Rxa1 Rxd6 42. Rxa7 Rd1+ 43. Kh2 Rb1 44. Rb7 Rb3 45. f3 Kf6 46. b6 Ke6 47. Kg3 Rb4 48. Rb8 f6 49. b7 Kf5 50. Kf2 Rb3 51. g4+ hxg4 52. fxg4+ Kxg4 53. h5 1-0


[Site "https://www.chess.com"]

[Event "Titled Tuesday Blitz February 14 Early 2023"]
[White "Manukyan, Sargis A."]
[Black "Demchenko, Anton"]
[WhiteFideId "13303970"]
[BlackFideId "4160258"]
[WhiteElo "2158"]
[BlackElo "2623"]
[Result "0-1"]
[Round "09"]
[TimeControl "180+2"]
[Date "2023.02.14"]
[WhiteClock "0:00:20"]
[BlackClock "0:01:08"]

1. d4 Nf6 2. c4 e6 3. Nc3 d5 4. Bg5 Nbd7 5. Nf3 Be7 6. e3 h6 7. Bh4 O-O 8. cxd5 exd5 9. Bd3 c6 10. O-O Re8 11. Qc2 Ne4 12. Bxe7 Qxe7 13. Nd2 Nxd2 14. Qxd2 Qg5 15. Ne2 Nf6 16. Ng3 h5 17. f4 Qh6 18. Rfe1 h4 19. Nf1 Qh5 20. h3 Bf5 21. Be2 Qg6 22. Bf3 Bxh3 23. Qf2 Bg4 24. Nh2 Bxf3 25. Nxf3 h3 26. Ne5 Qh5 27. gxh3 Qxh3 28. Qg2 Qxg2+ 29. Kxg2 Ne4 30. Rh1 f6 31. Nd3 Re7 32. Rh3 Rae8 33. Re1 Nd6 34. b3 Nf5 35. Kf2 Kf7 36. a4 a5 37. Rf3 Rh8 38. Rg1 Rh2+ 39. Rg2 Rxg2+ 40. Kxg2 Nh4+ 41. Kg3 Nxf3 42. Kxf3 Ke6 43. Nc5+ Kf5 44. Nd3 b6 45. Nc1 g5 46. Ne2 g4+ 47. Kf2 Ke4 48. Ng3+ Kd3 49. Nh5 Rxe3 50. Nxf6 Rf3+ 51. Kg2 Kxd4 0-1


[Site "https://www.chess.com"]

[Event "Titled Tuesday Blitz February 14 Early 2023"]
[White "Kamsky, Gata"]
[Black "Domingo Nunez, Ruben"]
[WhiteFideId "2000024"]
[BlackFideId "22245570"]
[WhiteElo "2665"]
[BlackElo "2416"]
[Result "1/2-1/2"]
[Round "09"]
[TimeControl "180+2"]
[Date "2023.02.14"]
[WhiteClock "0:00:04"]
[BlackClock "0:00:07"]

1. e4 Nf6 2. e5 Nd5 3. d4 d6 4. Nf3 c6 5. h3 Bf5 6. Bd3 Bxd3 7. Qxd3 dxe5 8. Nxe5 Nd7 9. Nf3 g6 10. O-O Bg7 11. Re1 O-O 12. c4 Nc7 13. Nc3 Ne6 14. Be3 Qa5 15. a3 Rfd8 16. b4 Qh5 17. Rad1 Ne5 18. Nxe5 Bxe5 19. Qe4 Bf6 20. Ne2 Qf5 21. f3 a5 22. d5 cxd5 23. cxd5 Nc7 24. Bb6 Rd7 25. d6 Qxe4 26. fxe4 exd6 27. bxa5 Ra6 28. Nf4 Na8 29. Nd5 Bd8 30. e5 Kg7 31. Bd4 dxe5 32. Bxe5+ f6 33. Nb4 Rxd1 34. Rxd1 Rxa5 35. Rd7+ Kh6 36. Bd6 Bb6+ 37. Kh2 Bc5 38. Bxc5 Rxc5 39. Rxb7 Ra5 40. Nc6 Rxa3 41. Ne7 f5 42. Ng8+ Kg5 43. Rxh7 Nb6 44. h4+ Kf4 45. Ne7 Nc4 46. Nxg6+ Kg4 47. Rg7 Kh5 48. Ne7 Ne3 49. Nxf5 Nxf5 50. Rg5+ Kxh4 51. Rxf5 Rb3 52. Rf8 Kg5 53. Rg8+ Kh4 54. Rg7 Kh5 55. Rg3 Rb1 56. Rh3+ Kg4 57. Rf3 Kh4 58. Rh3+ Kg4 59. Rg3+ Kh4 60. Rf3 Kg4 61. Rg3+ Kh4 62. Rh3+ Kg4 1/2-1/2


[Site "https://www.chess.com"]

[Event "Titled Tuesday Blitz February 14 Early 2023"]
[White "Avinash, Ramesh"]
[Black "Mohamed Anees M"]
[WhiteFideId "45018340"]
[BlackFideId "35065815"]
[WhiteElo "2319"]
[BlackElo "2315"]
[Result "1-0"]
[Round "09"]
[TimeControl "180+2"]
[Date "2023.02.14"]
[WhiteClock "0:01:32"]
[BlackClock "0:00:57"]

1. d4 d5 2. c4 c6 3. cxd5 cxd5 4. Nc3 Nf6 5. Nf3 Nc6 6. Bf4 a6 7. Ne5 Bf5 8. e3 e6 9. Bd3 Bxd3 10. Nxd3 Bd6 11. Bxd6 Qxd6 12. O-O O-O 13. Rc1 Rac8 14. Na4 e5 15. dxe5 Nxe5 16. Nxe5 Qxe5 17. Nc3 Rfd8 18. Rc2 d4 19. Rd2 Rc4 20. Ne2 Ng4 21. Ng3 Nf6 22. Re1 Qd5 23. b3 Rcc8 24. Rxd4 Qa5 25. Rxd8+ Rxd8 26. Qb1 Rd2 27. Re2 h5 28. Rxd2 Qxd2 29. Nf1 Qe2 30. Ng3 Qd2 31. h3 g6 32. Nf1 Qc3 33. Qd1 Kg7 34. Qd2 Qa1 35. a4 b5 36. axb5 axb5 37. Qd4 Qb1 38. g4 hxg4 39. hxg4 g5 40. b4 Qd1 41. Qxd1 1-0


[Site "https://www.chess.com"]

[Event "Titled Tuesday Blitz February 14 Early 2023"]
[White "Rustemov, Alexander"]
[Black "Florescu, Codrut-Constantin"]
[WhiteFideId "4119002"]
[BlackFideId "1202200"]
[WhiteElo "2525"]
[BlackElo "2259"]
[Result "1-0"]
[Round "09"]
[TimeControl "180+2"]
[Date "2023.02.14"]
[WhiteClock "0:01:41"]
[BlackClock "0:01:17"]

1. d4 Nf6 2. Bg5 g6 3. Nd2 d5 4. e3 Bg7 5. h3 O-O 6. Ngf3 c5 7. c3 b6 8. Be2 Bb7 9. O-O Nbd7 10. Bf4 Re8 11. Bh2 e6 12. a4 a6 13. Re1 h6 14. Bd3 Ne4 15. Qc2 Nxd2 16. Qxd2 e5 17. Nxe5 Nxe5 18. dxe5 Bxe5 19. Bxe5 Rxe5 20. Be2 Qc7 21. Bf3 Kg7 22. b4 a5 23. Qb2 Kh7 24. Red1 Rd8 25. Rd2 Bc6 26. b5 Bb7 27. Rad1 Ree8 28. Bxd5 Bxd5 29. Rxd5 Rxd5 30. Rxd5 c4 31. Qd2 Re7 32. Qd4 g5 33. Rd6 1-0


[Site "https://www.chess.com"]

[Event "Titled Tuesday Blitz February 14 Early 2023"]
[White "Tologon tegin, Semetei"]
[Black "Vasquez Schroeder, Rodrigo"]
[WhiteFideId "13800574"]
[BlackFideId "3400042"]
[WhiteElo "2372"]
[BlackElo "2524"]
[Result "0-1"]
[Round "09"]
[TimeControl "180+2"]
[Date "2023.02.14"]
[WhiteClock "0:00:03"]
[BlackClock "0:01:03"]

1. Nf3 d5 2. g3 g6 3. Bg2 c5 4. O-O Bg7 5. c4 d4 6. e3 Nc6 7. exd4 Nxd4 8. Nxd4 Bxd4 9. Nc3 Nh6 10. d3 Nf5 11. Nb5 Bg7 12. Bf4 e5 13. Re1 f6 14. Bd5 Ne7 15. Be3 Nxd5 16. cxd5 a6 17. Nc3 b6 18. b4 cxb4 19. Qa4+ Bd7 20. Qxb4 Rb8 21. Rab1 b5 22. Bc5 a5 23. Qb2 Kf7 24. Ne4 h6 25. d4 exd4 26. Bxd4 Rf8 27. Rbc1 Kg8 28. d6 Rc8 29. Rc5 Bc6 30. Qc2 Qd7 31. Qc3 Bxe4 32. Rxe4 Rxc5 33. Qxc5 Rd8 34. Qd5+ Kh7 35. Bc5 Bf8 36. Qe6 Qxe6 37. Rxe6 Kg7 38. f4 Kf7 39. Re2 Bxd6 40. Bxd6 Rxd6 41. Rc2 Ke6 42. Kf2 Kd5 43. Ke3 b4 44. Kd3 a4 45. Rc8 Rc6 46. Rb8 Kc5 47. Kc2 Kc4 48. Ra8 a3 49. Rb8 g5 50. f5 g4 51. Rg8 h5 52. Rh8 Rc5 53. Rxh5 Kb5+ 54. Kd2 b3 55. axb3 a2 0-1


[Site "https://www.chess.com"]

[Event "Titled Tuesday Blitz February 14 Early 2023"]
[White "Kukhmazov, Arsen"]
[Black "Manelyuk, Daniil"]
[WhiteFideId "24108260"]
[BlackFideId "44173920"]
[WhiteElo "2512"]
[BlackElo "2302"]
[Result "1-0"]
[Round "09"]
[TimeControl "180+2"]
[Date "2023.02.14"]
[WhiteClock "0:00:40"]
[BlackClock "0:00:04"]

1. d4 Nf6 2. c4 c5 3. d5 b5 4. Qc2 Na6 5. a3 b4 6. e4 d6 7. f4 g6 8. Nf3 Bg7 9. e5 Nd7 10. Bd3 dxe5 11. fxe5 Nxe5 12. Nxe5 Bxe5 13. O-O O-O 14. Bh6 Re8 15. Nd2 bxa3 16. bxa3 Bxa1 17. Rxa1 e5 18. Ne4 Bd7 19. Bg5 Qc8 20. Nd6 Qc7 21. Nxe8 Rxe8 22. Bf6 e4 23. Qd2 e3 24. Qe2 Qa5 25. Ra2 Ba4 26. h4 Nb8 27. d6 Re6 28. Rb2 Nc6 29. Qf3 Qe1+ 30. Kh2 Nd4 31. Rb8+ Re8 32. Rxe8+ Bxe8 33. Qa8 Kf8 34. d7 Nf3+ 35. Qxf3 Bxd7 36. Qa8+ Be8 37. Qe4 h5 38. Qe7+ 1-0


[Site "https://www.chess.com"]

[Event "Titled Tuesday Blitz February 14 Early 2023"]
[White "Tanenbaum, Zachary"]
[Black "Maksimenko, Viktor"]
[WhiteFideId "2060850"]
[BlackFideId "13710478"]
[WhiteElo "2261"]
[BlackElo "2196"]
[Result "1-0"]
[Round "09"]
[TimeControl "180+2"]
[Date "2023.02.14"]
[WhiteClock "0:01:42"]
[BlackClock "0:02:03"]

1. e4 e5 2. Nf3 Nc6 3. Bc4 Nf6 4. d3 Be7 5. O-O d6 6. a4 O-O 7. Re1 Be6 8. Nbd2 Qd7 9. c3 Rfe8 10. Bxe6 Qxe6 11. d4 exd4 12. cxd4 Qd7 13. Qb3 a5 14. e5 dxe5 15. dxe5 Nd5 16. Nc4 Bf8 17. Bg5 Qe7 18. Bxe7 1-0


[Site "https://www.chess.com"]

[Event "Titled Tuesday Blitz February 14 Early 2023"]
[White "Dragnev, Valentin"]
[Black "Bodnaruk, Anastasia"]
[WhiteFideId "1634852"]
[BlackFideId "4181751"]
[WhiteElo "2593"]
[BlackElo "2350"]
[Result "1/2-1/2"]
[Round "09"]
[TimeControl "180+2"]
[Date "2023.02.14"]
[WhiteClock "0:00:03"]
[BlackClock "0:00:05"]

1. e4 c5 2. Nf3 d6 3. Nc3 a6 4. g3 e5 5. Bg2 g6 6. O-O Bg7 7. Nd5 Ne7 8. d3 O-O 9. Rb1 Nbc6 10. Nd2 f5 11. b4 cxb4 12. Nxb4 Nxb4 13. Rxb4 f4 14. Nc4 b5 15. Nd2 Be6 16. c4 Nc6 17. Rb1 Nd4 18. Bb2 Qd7 19. Bxd4 exd4 20. Re1 Rab8 21. Qc2 Kh8 22. Rec1 Rbc8 23. a4 Qf7 24. axb5 axb5 25. Rxb5 fxg3 26. fxg3 Qf2+ 27. Kh1 Bh6 28. Rb2 Bg4 29. Nf1 Qf6 30. Rcb1 Bf3 31. h3 Qe5 32. Kh2 Be3 33. Rb5 Qe6 34. Nxe3 dxe3 35. Rg1 Rf6 36. Qc3 Kg8 37. Rb2 Rcf8 38. Rb7 Qe5 39. Qxe5 dxe5 40. Rb2 Rd8 41. Bxf3 Rxf3 42. Kg2 Rf6 43. Rd1 Rfd6 44. Kf3 Rxd3 45. Rxd3 Rxd3 46. Rc2 Kf7 47. c5 Ke7 48. c6 Kd8 49. Ke2 Ra3 50. Rc5 Kc7 51. h4 Rb3 52. Rc2 Ra3 53. Rc5 Rb3 54. Rxe5 Kxc6 55. Re7 h5 56. Re6+ Kc5 57. Rxg6 Kd4 58. Rd6+ Kxe4 59. Re6+ Kd4 60. Rd6+ Ke4 61. Re6+ Kd4 62. Rd6+ Ke4 1/2-1/2


[Site "https://www.chess.com"]

[Event "Titled Tuesday Blitz February 14 Early 2023"]
[White "Costachi, Mihnea"]
[Black "Shapiro, Viktor"]
[WhiteFideId "1217518"]
[BlackFideId "4175700"]
[WhiteElo "2476"]
[BlackElo "2192"]
[Result "1-0"]
[Round "09"]
[TimeControl "180+2"]
[Date "2023.02.14"]
[WhiteClock "0:00:11"]
[BlackClock "0:00:02"]

1. Nc3 Nf6 2. e4 d5 3. e5 Nfd7 4. d4 e6 5. f4 c5 6. Nf3 Nc6 7. Be3 a6 8. Be2 b5 9. Qd2 Qb6 10. O-O cxd4 11. Nxd4 Bc5 12. Rad1 Bb7 13. Kh1 Nxd4 14. Bxd4 Bxd4 15. Qxd4 Qxd4 16. Rxd4 g5 17. Bh5 Ke7 18. g3 gxf4 19. gxf4 f6 20. exf6+ Nxf6 21. Bf3 Rac8 22. Re1 Kd6 23. Re2 Rhe8 24. a4 Rc4 25. Rxc4 bxc4 26. Kg2 Bc6 27. Kf2 Rb8 28. Nd1 Bxa4 29. Ke3 Kc5 30. Kd2 Bd7 31. c3 Kd6 32. Kc1 Rg8 33. Ne3 Rg1+ 34. Kd2 Rb1 35. Kc2 Rg1 36. Kd2 Ba4 37. Re1 Rxe1 38. Kxe1 Be8 39. Nc2 Bg6 40. Nd4 Be4 41. Be2 e5 42. fxe5+ Kxe5 43. b3 Bd3 44. Bxd3 cxd3 45. Kd2 Ke4 46. Ne6 h5 47. Nc5+ Kf3 48. Nxa6 h4 49. b4 h3 50. Nc5 Kg2 51. b5 Kxh2 52. b6 Kg2 53. b7 h2 54. b8=Q h1=Q 55. Qf4 Qf1 56. Qg5+ Kh3 57. Qe3+ Kg4 58. Nxd3 Ne4+ 59. Kc2 Qg2+ 60. Kb3 Nd2+ 61. Kc2 Nc4+ 62. Nf2+ Kf5 63. Qd4 Qf3 64. Kb3 Ke6 65. Kb4 Qe2 66. Kc5 Ne3 67. Nd3 Qf3 68. Qe5+ Kf7 69. Qc7+ Kg6 70. Ne5+ Kf5 71. Nxf3 Ke4 72. Nd4 Nd1 73. Qg3 Nb2 74. Nb5 Nd3+ 75. Qxd3+ Kxd3 76. Kxd5 1-0


[Site "https://www.chess.com"]

[Event "Titled Tuesday Blitz February 14 Early 2023"]
[White "Vovk, Orest"]
[Black "Matinian, Nikita"]
[WhiteFideId "14113490"]
[BlackFideId "24129100"]
[WhiteElo "2315"]
[BlackElo "2407"]
[Result "0-1"]
[Round "09"]
[TimeControl "180+2"]
[Date "2023.02.14"]
[WhiteClock "0:00:03"]
[BlackClock "0:00:14"]

1. h4 d5 2. h5 e5 3. h6 Nxh6 4. d4 e4 5. Bxh6 gxh6 6. e3 c5 7. Ne2 Nc6 8. Nbc3 Be6 9. Nf4 cxd4 10. Nxe6 fxe6 11. Qh5+ Kd7 12. exd4 Qg5 13. Qh3 Nxd4 14. Bb5+ Kc7 15. Kf1 Bc5 16. Qh2+ Bd6 17. Qxh6 Qxh6 18. Rxh6 Raf8 19. Ba4 a6 20. Ne2 Bc5 21. Nxd4 Bxd4 22. Rxe6 Rxf2+ 23. Kg1 Rhf8 24. Kh1 e3 25. Rd1 Bxb2 26. Rxd5 e2 27. Rd7+ Kb8 28. Rde7 Bf6 29. Rxe2 Bxe7 30. Rxe7 R8f7 31. Re8+ Kc7 32. Rg8 R2f6 33. Bb3 Re7 34. Kh2 Rg6 35. Rf8 Re2 36. Bd5 Re7 37. c4 Rg5 38. Rf3 h5 39. a4 b6 40. Rd3 Rd7 41. Rb3 Rdxd5 42. cxd5 Rxd5 43. Rc3+ Kd6 44. Rc4 b5 45. axb5 axb5 46. Rf4 Kc5 47. Kg1 b4 48. Rf8 b3 49. Rb8 Kc4 50. Kf2 Rb5 51. Rc8+ Kb4 52. Rc1 b2 53. Rb1 Kc3 0-1


[Site "https://www.chess.com"]

[Event "Titled Tuesday Blitz February 14 Early 2023"]
[White "Kaidanov, Gregory"]
[Black "Martinez Ramirez, Lennis"]
[WhiteFideId "2008564"]
[BlackFideId "3509079"]
[WhiteElo "2559"]
[BlackElo "2426"]
[Result "1-0"]
[Round "09"]
[TimeControl "180+2"]
[Date "2023.02.14"]
[WhiteClock "0:00:34"]
[BlackClock "0:00:39"]

1. Nf3 d5 2. g3 Nf6 3. Bg2 Bf5 4. c4 c6 5. cxd5 Nxd5 6. d3 Nc7 7. O-O h6 8. Nc3 e6 9. Qb3 Qc8 10. Bf4 Nd7 11. e4 Bh7 12. d4 Be7 13. d5 cxd5 14. exd5 Nc5 15. Qd1 Nxd5 16. Nxd5 exd5 17. Rc1 Qe6 18. Re1 Be4 19. Nd4 Qd7 20. f3 Bg6 21. Rxc5 O-O 22. Rc7 Qxc7 23. Bxc7 Bc5 24. Bf4 Rfc8 25. Be3 Bb6 26. Bf2 Rc4 27. b3 Rc3 28. Re3 Rc7 29. Qe1 Kh7 30. Rc3 Re8 31. Qxe8 Rxc3 32. h4 Rc1+ 33. Kh2 h5 34. Qe2 Ra1 35. f4 f5 36. Bxd5 Rc1 37. Nf3 Bd8 38. Ng5+ Kh6 39. Nf7+ Bxf7 40. Bxf7 g6 41. Qe6 Rc6 42. Qe8 Bf6 43. Kh3 Rc2 44. Qg8 Bg7 45. Bd4 1-0


[Site "https://www.chess.com"]

[Event "Titled Tuesday Blitz February 14 Early 2023"]
[White "Melian, Juan Sebastian"]
[Black "Dehtiarov, Roman"]
[WhiteFideId "3706575"]
[BlackFideId "14186640"]
[WhiteElo "2293"]
[BlackElo "2289"]
[Result "1-0"]
[Round "09"]
[TimeControl "180+2"]
[Date "2023.02.14"]
[WhiteClock "0:00:05"]
[BlackClock "0:00:01"]

1. d4 d5 2. c4 e6 3. Nc3 Nf6 4. cxd5 exd5 5. Bg5 Nbd7 6. e3 Be7 7. Bd3 c6 8. Nf3 O-O 9. O-O Re8 10. Qc2 h6 11. Bh4 Nf8 12. Rab1 N6d7 13. Bxe7 Qxe7 14. b4 a6 15. a4 Nf6 16. b5 axb5 17. axb5 Ne4 18. Ne2 c5 19. dxc5 Nxc5 20. Rfc1 b6 21. Nfd4 Nfe6 22. Nxe6 Bxe6 23. Nd4 Qf6 24. Qd1 Ra2 25. Rc2 Rea8 26. Rbc1 g6 27. Rxa2 Rxa2 28. Rc2 Ra8 29. Rc1 Ra2 30. Rc2 Ra8 31. Rc1 Kg7 32. h3 h5 33. Be2 Ne4 34. Bf3 Ng5 35. Rc6 Qd8 36. h4 Nxf3+ 37. Nxf3 Kg8 38. Qd4 Bg4 39. Ng5 Rb8 40. Qf4 Bf5 41. Qe5 Ra8 42. Rd6 Qe8 43. Qxe8+ Rxe8 44. Rxd5 f6 45. Nf3 Kf7 46. Nd4 Be4 47. Rd6 Rb8 48. f3 Bb7 49. Rxb6 1-0


[Site "https://www.chess.com"]

[Event "Titled Tuesday Blitz February 14 Early 2023"]
[White "Lucassen, Mickey"]
[Black "Jaracz, Pawel"]
[WhiteFideId "12919110"]
[BlackFideId "1102222"]
[WhiteElo "2023"]
[BlackElo "2467"]
[Result "0-1"]
[Round "09"]
[TimeControl "180+2"]
[Date "2023.02.14"]
[WhiteClock "0:00:03"]
[BlackClock "0:00:20"]

1. d4 Nf6 2. Nc3 d6 3. e4 e5 4. Nf3 Nbd7 5. Bc4 Be7 6. O-O O-O 7. Re1 a6 8. a4 b6 9. b3 c6 10. Bb2 Qc7 11. h3 Rb8 12. Bf1 Re8 13. g3 Bf8 14. Bg2 g6 15. Qd2 b5 16. axb5 cxb5 17. dxe5 dxe5 18. Nd5 Nxd5 19. exd5 Bd6 20. Ng5 Nc5 21. Ne4 Nxe4 22. Bxe4 Bb7 23. Rac1 b4 24. Bg2 Qb6 25. Qh6 Rbc8 26. Re4 Bf8 27. Qd2 f6 28. Kh2 Rcd8 29. Rh4 Qb5 30. Rd1 Rd7 31. f4 e4 32. Qd4 Bg7 33. f5 Rxd5 34. Qg1 Rxd1 35. Qxd1 Qxf5 36. Qd6 g5 37. Rh5 Qg6 38. g4 Qf7 39. Bf1 Bd5 40. h4 h6 41. hxg5 hxg5 42. Bxa6 e3 43. Be2 Rc8 44. Bd3 Qc7 45. Bh7+ Kf7 0-1


[Site "https://www.chess.com"]

[Event "Titled Tuesday Blitz February 14 Early 2023"]
[White "Reprintsev, Alexander"]
[Black "Sokolovsky, Yahli"]
[WhiteFideId "14100541"]
[BlackFideId "2820242"]
[WhiteElo "2253"]
[BlackElo "2461"]
[Result "0-1"]
[Round "09"]
[TimeControl "180+2"]
[Date "2023.02.14"]
[WhiteClock "0:00:39"]
[BlackClock "0:00:23"]

1. e4 d6 2. d4 Nc6 3. d5 Nb8 4. c4 c6 5. Nc3 Nf6 6. Bd3 e6 7. Nge2 Na6 8. O-O Be7 9. dxe6 Bxe6 10. Nf4 Nc5 11. Nxe6 Nxe6 12. h3 O-O 13. Be3 Nd7 14. Bc2 Ne5 15. b3 Qa5 16. Qd2 Kh8 17. Rad1 Bf6 18. Na4 Qxd2 19. Rxd2 Ng6 20. c5 dxc5 21. Nxc5 Nxc5 22. Bxc5 Rfd8 23. Rfd1 b6 24. Rxd8+ Rxd8 25. Rxd8+ Bxd8 26. Bd6 Be7 27. Bb8 a5 28. f4 Bc5+ 29. Kf1 f6 30. g3 Kg8 31. Bd3 Kf8 32. Bc4 Ke7 33. a4 Kd7 34. f5 Nf8 35. Ke2 Bd6 36. Bxd6 Kxd6 37. Bg8 Ke5 38. Kd3 Nd7 39. Bxh7 Nc5+ 40. Kc4 Nxe4 41. g4 Ng5 42. Bg6 Nxh3 43. Be8 Kd6 44. b4 axb4 45. Kxb4 Nf2 46. Bh5 Nd3+ 47. Kc4 Ne5+ 48. Kb4 Kd5 49. a5 bxa5+ 50. Kxa5 c5 51. Ka4 c4 52. Ka3 Kd4 53. Kb2 c3+ 54. Kc2 Nc4 55. Kc1 Ne3 0-1


[Site "https://www.chess.com"]

[Event "Titled Tuesday Blitz February 14 Early 2023"]
[White "Hansen, Sune Berg"]
[Black "Kokoszczynski, Jan"]
[WhiteFideId "1400266"]
[BlackFideId "1174460"]
[WhiteElo "2517"]
[BlackElo "2247"]
[Result "1-0"]
[Round "09"]
[TimeControl "180+2"]
[Date "2023.02.14"]
[WhiteClock "0:00:19"]
[BlackClock "0:00:03"]

1. e4 c6 2. d4 d5 3. e5 Bf5 4. Nd2 e6 5. Nb3 c5 6. Nxc5 Bxc5 7. dxc5 Qa5+ 8. c3 Qxc5 9. Qa4+ Nd7 10. Nf3 Ne7 11. Nd4 a6 12. Bf4 Rd8 13. Be2 O-O 14. O-O Be4 15. h4 h6 16. h5 Qc7 17. Rfe1 Nc6 18. Nxc6 bxc6 19. Bf1 Rb8 20. b3 Bf5 21. Re3 a5 22. Rae1 Nc5 23. Qd4 Ne4 24. f3 c5 25. Qd1 Ng5 26. Qd2 Rfd8 27. R3e2 d4 28. Bxg5 hxg5 29. c4 Qe7 30. g4 Bh7 31. Rh2 d3 32. h6 Rdc8 33. hxg7 Rd8 34. Rh5 Rd4 35. Qh2 1-0


[Site "https://www.chess.com"]